3A
ALAMEDA AIRMEN @ LOUISIANA DRAGOONS
05/05/2020
 
TOP OF THE 1ST
Alameda Airmen batting - Pitching for Louisiana Dragoons : RHP Ben Fleming
Pitching: RHP Ben Fleming
Batting: RHB José Cervantes 0-0: Ball
1-0: Ball
2-0: Ball
3-0: Called Strike
3-1: Base on Balls
Batting: RHB António Delgado 0-0: Ball
1-0: Ball
2-0: Called Strike
2-1: Swinging Strike
2-2: Ball
3-2: Strikes out swinging
Throwing error on steal attempt, E2
José Cervantes to third
Batting: RHB Jim Allen 0-0: Called Strike
0-1: SINGLE (Line Drive, 56D)
José Cervantes scores
Batting: LHB Ron Frazier 0-0: Called Strike
Throwing error on steal attempt, E2
Jim Allen to third
0-1: Ball
1-1: Foul Ball, location: 2F
1-2: Fly out, F7 (Flyball, 7LM)
Runner from 3rd tags up, SCORES, no throw
Batting: RHB William Miles 0-0: Fly out, F8 (Flyball, 8LXD)
Top of the 1st over - 2 run(s), 1 hit(s), 2 error(s), 0 left on base; Alameda 2 - Louisiana 0
BOTTOM OF THE 1ST
Louisiana Dragoons batting - Pitching for Alameda Airmen : LHP Finn Wuilink
Pitching: LHP Finn Wuilink
Batting: RHB Victorino Navarro 0-0: Called Strike
0-1: Called Strike
0-2: Ground out 1-3 (Groundball, 13S)
Batting: RHB Al Thomas 0-0: Ball
1-0: Called Strike
1-1: Called Strike
1-2: Foul Ball, location: 2F
1-2: SINGLE (Line Drive, 56)
Batting: LHB Dinis Marcha 0-0: Called Strike
0-1: Called Strike
0-2: Foul Ball, location: 2F
0-2: Ball
1-2: Ball
2-2: SINGLE (Groundball, 23) (infield hit)
Al Thomas to second
Batting: RHB Félix De La Hoya 0-0: Ball
1-0: Foul Ball, location: 2F
1-1: Ball
2-1: Ball
3-1: Base on Balls
Al Thomas to third
Dinis Marcha to second
Batting: LHB Gustavo Vázquez 0-0: Called Strike
0-1: Ball
1-1: Called Strike
1-2: Foul Ball, location: 2F
1-2: Ball
2-2: Fielders Choice at 2nd, 4-6 (Groundball, 4)
Al Thomas scores
Dinis Marcha to third
Batting: LHB Manny Hernández 0-0: Ball
1-0: Ball
2-0: SINGLE (Line Drive, 56)
Dinis Marcha scores
Gustavo Vázquez to second
Batting: SHB Manuel González 0-0: Ball
1-0: Foul Ball, location: 2F
1-1: Called Strike
1-2: Foul Ball, location: 2F
1-2: Ball
2-2: Foul Ball, location: 2F
2-2: Foul Ball, location: 2F
2-2: SINGLE (Groundball, 6MD)
Gustavo Vázquez to third
Manny Hernández to second
Runner from 3rd tries for Home, SAFE, no throw or cutoff
Batting: RHB Wessel Wemerman 0-0: SINGLE (Line Drive, 6MD)
Manny Hernández to third
Manuel González to second
Runner from 3rd tries for Home, SAFE, no throw or cutoff
Batting: LHB Javier Antonio 0-0: Ball
1-0: SINGLE (Groundball, 34D)
Manuel González to third
Wessel Wemerman to second
Runner from 3rd tries for Home, throw and OUT!
Bottom of the 1st over - 4 run(s), 6 hit(s), 0 error(s), 2 left on base; Alameda 2 - Louisiana 4
TOP OF THE 2ND
Alameda Airmen batting - Pitching for Louisiana Dragoons : RHP Ben Fleming
Batting: RHB Gabriel Juárez 0-0: Swinging Strike
0-1: Ball
1-1: Ball
2-1: Ball
3-1: SINGLE (Line Drive, 56D)
Batting: RHB Juan Márquez 0-0: Called Strike
0-1: Ball
Wild Pitch!
Gabriel Juárez to second
1-1: Called Strike
1-2: Strikes out looking
Batting: RHB Abraham Jacobs 0-0: Ball
1-0: Ball
2-0: Called Strike
2-1: Swinging Strike
2-2: Ball
3-2: SINGLE (Groundball, 6)
Gabriel Juárez to third
Runner from 3rd tries for Home, throw and OUT!
Abraham Jacobs to second
Batting: RHB Manuel Martínez 0-0: Fly out, F6 (Popup, 56D)
Top of the 2nd over - 0 run(s), 2 hit(s), 0 error(s), 1 left on base; Alameda 2 - Louisiana 4
BOTTOM OF THE 2ND
Louisiana Dragoons batting - Pitching for Alameda Airmen : LHP Finn Wuilink
Batting: RHB Victorino Navarro 0-0: Ball
1-0: Ball
2-0: Ground out 5-3 (Groundball, 56S)
Batting: RHB Al Thomas 0-0: Called Strike
0-1: Foul Ball, location: 2F
0-2: Strikes out swinging
Batting: LHB Dinis Marcha 0-0: Ball
1-0: Ground out 6-3 (Groundball, 6M)
Bottom of the 2nd over - 0 run(s), 0 hit(s), 0 error(s), 0 left on base; Alameda 2 - Louisiana 4
TOP OF THE 3RD
Alameda Airmen batting - Pitching for Louisiana Dragoons : RHP Ben Fleming
Batting: RHB José Cervantes 0-0: Called Strike
0-1: Ball
1-1: Swinging Strike
1-2: Foul Ball, location: 2F
1-2: Strikes out looking
Batting: RHB António Delgado 0-0: Called Strike
0-1: Fly out, F7 (Flyball, 78M)
Batting: RHB Jim Allen 0-0: Ball
1-0: SOLO HOME RUN (Line Drive, 7D), Distance : 384 ft
Batting: LHB Ron Frazier 0-0: Called Strike
0-1: Foul Ball, location: 2F
0-2: Ball
1-2: Strikes out swinging
Top of the 3rd over - 1 run(s), 1 hit(s), 0 error(s), 0 left on base; Alameda 3 - Louisiana 4
BOTTOM OF THE 3RD
Louisiana Dragoons batting - Pitching for Alameda Airmen : LHP Finn Wuilink
Batting: RHB Félix De La Hoya 0-0: Called Strike
0-1: Called Strike
0-2: Foul Ball, location: 2F
0-2: Ball
1-2: Ball
2-2: Foul Ball, location: 2F
2-2: Ground out 1-3 (Groundball, 15)
Batting: LHB Gustavo Vázquez 0-0: Ball
1-0: Ground out 1-3 (Groundball, 15)
Batting: LHB Manny Hernández 0-0: Called Strike
0-1: Ball
1-1: Foul Ball, location: 2F
1-2: Ball
2-2: SINGLE (Groundball, 34D)
Batting: SHB Manuel González 0-0: Ball
1-0: Fly out, F3 (Popup, 3F)
Bottom of the 3rd over - 0 run(s), 1 hit(s), 0 error(s), 1 left on base; Alameda 3 - Louisiana 4
TOP OF THE 4TH
Alameda Airmen batting - Pitching for Louisiana Dragoons : RHP Ben Fleming
Batting: RHB William Miles 0-0: Called Strike
0-1: Ground out 6-3 (Groundball, 6)
Batting: RHB Gabriel Juárez 0-0: Ball
1-0: Swinging Strike
1-1: Ball
2-1: Ground out 6-3 (Groundball, 6)
Batting: RHB Juan Márquez 0-0: Ball
1-0: Ground out 4-3 (Groundball, 4M)
Top of the 4th over - 0 run(s), 0 hit(s), 0 error(s), 0 left on base; Alameda 3 - Louisiana 4
BOTTOM OF THE 4TH
Louisiana Dragoons batting - Pitching for Alameda Airmen : LHP Finn Wuilink
Batting: RHB Wessel Wemerman 0-0: Swinging Strike
0-1: Ball
1-1: Called Strike
1-2: Ball
2-2: Ball
3-2: Base on Balls
Batting: LHB Javier Antonio 0-0: Foul Ball, location: 2F
0-1: Foul Ball, location: 2F
0-2: Strikes out swinging
Batting: RHB Victorino Navarro 0-0: Hit by Pitch
Wessel Wemerman to second
Batting: RHB Al Thomas 0-0: SINGLE (Groundball, 4MD)
Wessel Wemerman to third
Victorino Navarro to second
Throwing error, E8
Wessel Wemerman scores
Victorino Navarro to third
Al Thomas to second
Batting: LHB Dinis Marcha 0-0: Foul Ball, location: 2F
0-1: Ball
1-1: Ball
2-1: Foul Ball, location: 2F
2-2: Foul Ball, location: 2F
2-2: Strikes out swinging
Batting: RHB Félix De La Hoya 0-0: Ball
1-0: Fly out, F9 (Flyball, 9M)
Bottom of the 4th over - 1 run(s), 1 hit(s), 1 error(s), 2 left on base; Alameda 3 - Louisiana 5
TOP OF THE 5TH
Alameda Airmen batting - Pitching for Louisiana Dragoons : RHP Ben Fleming
Batting: RHB Abraham Jacobs 0-0: Hit by Pitch
Batting: RHB Manuel Martínez 0-0: DOUBLE (Line Drive, 6D)
Abraham Jacobs to third
Batting: RHB José Cervantes 0-0: Ball
1-0: Called Strike
1-1: Ball
2-1: Ball
3-1: Called Strike
3-2: Foul Ball, location: 2F
3-2: Base on Balls
Batting: RHB António Delgado 0-0: Ball
1-0: Fly out, F9 (Flyball, 89M)
Runner from 3rd tags up, SCORES, no throw
Batting: RHB Jim Allen 0-0: Called Strike
0-1: Ball
1-1: Called Strike
1-2: Reached on error, E6 (Groundball, 6)
Manuel Martínez to third
José Cervantes to second
Batting: LHB Ron Frazier 0-0: Called Strike
0-1: Ball
1-1: Fly out, F7 (Flyball, 78S)
Runner from 3rd tags up, SCORES, throw made
Batting: RHB William Miles 0-0: Ball
1-0: Foul Ball, location: 2F
1-1: Ball
2-1: Foul Ball, location: 2F
2-2: Ball
3-2: Foul Ball, location: 2F
3-2: Ground out 5-3 (Groundball, 56S)
Top of the 5th over - 2 run(s), 1 hit(s), 1 error(s), 2 left on base; Alameda 5 - Louisiana 5
BOTTOM OF THE 5TH
Louisiana Dragoons batting - Pitching for Alameda Airmen : LHP Finn Wuilink
Batting: LHB Gustavo Vázquez 0-0: Called Strike
0-1: Swinging Strike
0-2: Reached on error, E4 (Groundball, 4)
Batting: LHB Manny Hernández 0-0: Called Strike
0-1: Ball
1-1: Ball
2-1: Ball
3-1: Fly out, F7 (Flyball, 78M)
Pitching: RHP Sean Sanford
Batting: SHB Manuel González 0-0: Ball
1-0: Called Strike
1-1: Ball
2-1: Fly out, F8 (Flyball, 8RM)
Batting: RHB Wessel Wemerman 0-0: Ball
1-0: Called Strike
1-1: Foul Ball, location: 2F
1-2: Foul Ball, location: 2F
1-2: Ball
2-2: SINGLE (Line Drive, 9LM)
Gustavo Vázquez to second
Batting: LHB Javier Antonio 0-0: Ball
1-0: Called Strike
1-1: Ball
2-1: Foul Ball, location: 2F
2-2: Fly out, F8 (Flyball, 8LM)
Bottom of the 5th over - 0 run(s), 1 hit(s), 1 error(s), 2 left on base; Alameda 5 - Louisiana 5
TOP OF THE 6TH
Alameda Airmen batting - Pitching for Louisiana Dragoons : RHP Ben Fleming
Batting: RHB Gabriel Juárez 0-0: Called Strike
0-1: Swinging Strike
0-2: Ball
1-2: Strikes out swinging
Batting: RHB Juan Márquez 0-0: Called Strike
0-1: Ball
1-1: Swinging Strike
1-2: Strikes out looking
Batting: RHB Abraham Jacobs 0-0: Ball
1-0: Called Strike
1-1: Foul Ball, location: 2F
1-2: Strikes out swinging
Top of the 6th over - 0 run(s), 0 hit(s), 0 error(s), 0 left on base; Alameda 5 - Louisiana 5
BOTTOM OF THE 6TH
Louisiana Dragoons batting - Pitching for Alameda Airmen : RHP Sean Sanford
Batting: RHB Victorino Navarro 0-0: Called Strike
0-1: Ball
1-1: Ball
2-1: Ball
3-1: Foul Ball, location: 2F
3-2: Ground out 6-3 (Groundball, 6)
Batting: RHB Al Thomas 0-0: Ball
1-0: Reached on error, E5 (Groundball, 5)
Batting: LHB Dinis Marcha 0-0: Called Strike
0-1: Ball
1-1: Ground out 1-3 (Groundball, 13)
Al Thomas to third
Batting: RHB Félix De La Hoya 0-0: Ball
1-0: Fly out, F9 (Flyball, 9S)
Bottom of the 6th over - 0 run(s), 0 hit(s), 1 error(s), 1 left on base; Alameda 5 - Louisiana 5
TOP OF THE 7TH
Alameda Airmen batting - Pitching for Louisiana Dragoons : RHP Ben Fleming
Pitching: RHP Francisco García
Batting: RHB Manuel Martínez 0-0: Called Strike
0-1: Ball
1-1: SINGLE (Groundball, 6MD)
Batting: RHB José Cervantes 0-0: Sac Bunt - play at first, batter OUT! U3
Manuel Martínez to second
Batting: RHB António Delgado 0-0: Ground out 1-3 (Groundball, 15S)
Batting: RHB Jim Allen 0-0: Ball
1-0: Called Strike
1-1: Ball
2-1: Ground out 6-3 (Groundball, 56)
Top of the 7th over - 0 run(s), 1 hit(s), 0 error(s), 1 left on base; Alameda 5 - Louisiana 5
BOTTOM OF THE 7TH
Louisiana Dragoons batting - Pitching for Alameda Airmen : RHP Sean Sanford
Pitching: LHP Yvan Benincasa
Pinch Hitting: LHB Jim Unknown 0-0: Foul Ball, location: 2F
0-1: Foul Ball, location: 2F
0-2: Foul Ball, location: 2F
0-2: Ball
1-2: Ball
2-2: Ground out 4-3 (Groundball, 4)
Pitching: LHP José Sandoval
Pinch Hitting: LHB Jim Unknown 0-0: Ball
1-0: Foul Ball, location: 2F
1-1: Ball
2-1: Ball
3-1: Foul Ball, location: 2F
3-2: Strikes out swinging
Pinch Hitting: LHB Jim Unknown 0-0: Ball
1-0: Fly out, F9 (Line Drive, 9S)
Bottom of the 7th over - 0 run(s), 0 hit(s), 0 error(s), 0 left on base; Alameda 5 - Louisiana 5
TOP OF THE 8TH
Alameda Airmen batting - Pitching for Louisiana Dragoons : RHP Francisco García
Pitching: LHP Nelson Salgado
Now at 3B: Jim Unknown
Now in LF: Jim Unknown
Now in RF: Jim Unknown
Pinch Hitting: RHB Jim Unknown 0-0: Foul Ball, location: 2F
0-1: Ball
1-1: Swinging Strike
1-2: Ground out 5-3 (Groundball, 56)
Pitching: LHP Víctor Rivero
Batting: RHB William Miles 0-0: Fly out, F7 (Line Drive, 7S)
Pinch Hitting: RHB Jim Unknown 0-0: Ball
1-0: Swinging Strike
1-1: Swinging Strike
1-2: Fly out, F4 (Popup, 4M)
Top of the 8th over - 0 run(s), 0 hit(s), 0 error(s), 0 left on base; Alameda 5 - Louisiana 5
BOTTOM OF THE 8TH
Louisiana Dragoons batting - Pitching for Alameda Airmen : LHP José Sandoval
Now at 3B: Jim Unknown
Now at SS: Jim Unknown
Batting: RHB Wessel Wemerman 0-0: Called Strike
0-1: Ball
1-1: Called Strike
1-2: SINGLE (Line Drive, 9S)
Batting: LHB Javier Antonio 0-0: Sac Bunt - play at first, batter OUT! 1-3
Wessel Wemerman to second
Batting: RHB Victorino Navarro 0-0: Intentional Walk
Batting: RHB Al Thomas 0-0: Ball
1-0: Ball
2-0: Sac Bunt - play at first, batter OUT! 5-3
Wessel Wemerman to third
Victorino Navarro to second
Batting: LHB Dinis Marcha 0-0: Called Strike
0-1: Ball
1-1: Ball
2-1: Swinging Strike
2-2: Ball
3-2: Strikes out swinging
Bottom of the 8th over - 0 run(s), 1 hit(s), 0 error(s), 2 left on base; Alameda 5 - Louisiana 5
TOP OF THE 9TH
Alameda Airmen batting - Pitching for Louisiana Dragoons : LHP Víctor Rivero
Pitching: RHP Javier Hernández
Pinch Hitting: RHB Jim Unknown 0-0: Ball
1-0: Ball
2-0: Foul Ball, location: 2F
2-1: Ball
3-1: Foul Ball, location: 2F
3-2: Foul Ball, location: 2F
3-2: Foul Ball, location: 2F
3-2: Foul Ball, location: 2F
3-2: SINGLE (Line Drive, 56)
Batting: RHB Abraham Jacobs 0-0: Sac Bunt - play at first, batter safe!
Jim Unknown to second
Pinch Runner at 2nd Marco Altichioro:
Batting: RHB Manuel Martínez 0-0: Bunted foul
0-1: Ball
1-1: Sac Bunt - play at first, batter OUT! 1-4
Marco Altichioro to third
Abraham Jacobs to second
Pinch Hitting: SHB Thomas Sherman 0-0: Foul Ball, location: 2F
0-1: Foul Ball, location: 2F
0-2: Ball
1-2: Ball
2-2: Foul Ball, location: 2F
2-2: Ball
3-2: Base on Balls
Batting: RHB António Delgado 0-0: Ball
1-0: Called Strike
1-1: Swinging Strike
1-2: Strikes out swinging
Batting: RHB Jim Allen 0-0: SINGLE (Line Drive, 4M)
Marco Altichioro scores
Abraham Jacobs to third
Thomas Sherman to second
Batting: RHB Jim Unknown 0-0: DOUBLE (Groundball, 5L)
Abraham Jacobs scores
Thomas Sherman scores
Jim Allen to third
Pitching: RHP Nicholas Beyer
Batting: RHB William Miles 0-0: Called Strike
0-1: Foul Ball, location: 2F
0-2: Strikes out swinging
Top of the 9th over - 3 run(s), 4 hit(s), 0 error(s), 2 left on base; Alameda 8 - Louisiana 5
BOTTOM OF THE 9TH
Louisiana Dragoons batting - Pitching for Alameda Airmen : LHP José Sandoval
Pitching: LHP Cisco Flores
Now at 1B: Jim Unknown
Now in RF: Marco Altichioro
Batting: RHB Félix De La Hoya 0-0: Ball
1-0: Ball
2-0: Called Strike
2-1: Ball
3-1: Foul Ball, location: 2F
3-2: Fly out, F3 (Popup, 34)
Pitching: RHP José García
Batting: LHB Jim Unknown 0-0: Ball
1-0: Ground out 6-3 (Groundball, 6M)
Batting: LHB Jim Unknown 0-0: Swinging Strike
0-1: Foul Ball, location: 2F
0-2: Foul Ball, location: 2F
0-2: Ball
1-2: Strikes out swinging
Bottom of the 9th over - 0 run(s), 0 hit(s), 0 error(s), 0 left on base; Alameda 8 - Louisiana 5
This league is powered by Out of the Park Baseball, the baseball management simulation game for PC, Mac and Linux
Friday, October 23rd, 2015 - OOTP Baseball 16.9 Build 39